Punishers vs Inferno
Created - April 28, 2017 at 18:22
Goals
|
| Punishers |
0 |
2 |
0 |
0 |
2 |
3 |
| Inferno |
1 |
0 |
1 |
0 |
1 |
2 |
|
Shots
|
| Punishers |
8 |
8 |
8 |
6 |
3 |
30 |
| Inferno |
16 |
10 |
6 |
2 |
3 |
34 |
|
1st period
1. Inferno , David Ullstrom 18 (Vladimir Sobotka 23, Zach Redmond 9) at 12:56
Penalties :
Alex Petrovic (Pro) for Roughing (Minor) at 15:45
2nd period
2. Punishers , Luke Adam 31 (Tanner Glass 32, Brandon McMillan 9) at 7:14
3. Punishers , Radek Smolenak 8 (Adam McQuaid 29, Justin Falk 4) at 11:47
Penalties :
Mike Blunden (Pro) for Slashing (Minor) at 3:43, Colby Robak (Anc) for Hooking (Minor) at 8:58, Mike Blunden (Pro) for Slashing (Minor) at 9:24, Matt Mackenzie (Pro) for Holding (Minor) at 12:06
3rd period
4. Inferno , Tyler Shattock 1 (Christian Folin 14) at 7:51
Penalties :
No Penalty
Overtime #1
No Goal
Penalties :
No Penalty
Shootout
Penalty Shot by Ryan Malone for Punishers - Stopped by Josh Harding
Penalty Shot by Mikhail Grabovski for Inferno - Goal!
Penalty Shot by Tanner Glass for Punishers - Goal!
Penalty Shot by Vladimir Sobotka for Inferno - Shot Misses the Net
Penalty Shot by Petteri Nokelainen for Punishers - Goal!
Penalty Shot by Stephane Veilleux for Inferno - Stopped by Kevin Poulin
Penalties :
No Penalty
Goalie Stats
Kevin Poulin (Pro), 32 saves from 34 shots - (0.941), W, 23-22-3, 65:00 minutes
Josh Harding (Anc), 28 saves from 30 shots - (0.933), OTL, 32-18-10, 65:00 minutes
Players Stats for Punishers
Player Name G A P +/- PIM S H SB GA TA FO MP PP MP PK MP
------------------------------------------------------------------------------------
Adam McQuaid 0 1 1 0 0 3 2 2 0 1 0/0 28:35 0:00 2:15
Alex Petrovic 0 0 0 -1 2 4 1 2 0 0 0/0 24:26 0:26 2:39
Boone Jenner 0 0 0 0 0 0 0 0 0 1 0/6 10:03 0:00 1:00
Brandon McMillan 0 1 1 -1 0 0 2 0 0 0 2/4 9:24 0:00 0:01
Frazer Mclaren 0 0 0 -1 0 1 2 0 0 1 0/1 12:09 0:00 1:45
Justin Falk 0 1 1 1 0 1 5 3 0 1 0/0 31:00 0:00 3:03
Luke Adam 1 0 1 0 0 4 1 1 0 1 4/11 15:07 0:00 0:00
Matt Mackenzie 0 0 0 0 2 1 1 0 0 0 0/0 15:57 0:00 1:29
Michael Ferland 0 0 0 1 0 0 0 0 0 0 0/0 4:05 0:00 1:38
Miikka Salomaki 0 0 0 0 0 2 2 1 0 0 1/2 15:12 0:00 0:00
Mike Blunden 0 0 0 1 4 2 2 0 1 0 0/0 19:00 0:25 0:00
Mike Sauer 0 0 0 0 0 1 2 0 0 0 0/0 27:15 0:26 2:26
Petteri Nokelainen 0 0 0 0 0 4 3 0 0 0 10/18 21:23 0:26 1:38
Philippe Paradis 0 0 0 0 0 0 1 0 0 0 0/0 5:38 0:00 0:38
Quinton Howden 0 0 0 -1 0 1 2 0 0 0 0/0 10:07 0:00 0:00
Radek Smolenak 1 0 1 1 0 2 1 0 0 0 0/0 10:04 0:00 1:11
Ryan Malone 0 0 0 -1 0 1 4 0 0 0 4/9 26:22 0:26 2:54
Tanner Glass 0 1 1 1 0 3 2 1 1 0 0/0 26:13 0:00 2:55
Players Stats for Inferno
Player Name G A P +/- PIM S H SB GA TA FO MP PP MP PK MP
------------------------------------------------------------------------------------
Anders Lee 0 0 0 1 0 2 1 0 0 0 3/6 9:20 0:12 0:00
Beau Bennett 0 0 0 0 0 2 3 0 0 0 0/0 10:57 0:00 0:00
Brendan Mikkelson 0 0 0 -1 0 3 2 2 1 0 0/0 26:18 3:30 0:26
Cal O'Reilly 0 0 0 0 0 3 0 0 0 0 4/4 10:57 0:00 0:00
Chris Brown 0 0 0 0 0 0 0 0 0 0 0/0 2:28 0:43 0:00
Christian Folin 0 1 1 2 0 0 1 0 0 1 0/0 12:29 0:00 0:26
Colby Robak 0 0 0 -2 2 0 2 3 1 0 0/0 25:11 3:56 0:00
Daniil Tarasov 0 0 0 0 0 0 0 0 0 0 0/0 0:00 0:00 0:00
David Ullstrom 1 0 1 0 0 1 3 0 0 0 0/0 15:37 2:46 0:00
Derek Peltier 0 0 0 -1 0 1 1 1 0 0 0/0 20:06 2:53 0:00
Frank Corrado 0 0 0 0 0 0 1 0 0 0 0/0 6:33 0:00 0:00
Joakim Nordstrom 0 0 0 0 0 0 0 0 0 0 0/0 0:00 0:00 0:00
Kyle Palmieri 0 0 0 0 0 1 1 0 0 1 2/2 15:43 2:49 0:00
Luca Sbisa 0 0 0 0 0 1 0 1 0 0 0/0 6:33 0:00 0:00
Matt Kassian 0 0 0 0 0 0 2 0 0 0 0/0 10:57 0:00 0:00
Matthew Nieto 0 0 0 1 0 0 0 0 0 0 1/1 9:53 0:36 0:00
Mikhail Grabovski 0 0 0 -1 0 6 1 1 2 0 12/23 24:03 2:25 0:26
Ryan Spooner 0 0 0 0 0 0 0 0 0 0 0/0 0:44 0:00 0:00
Sami Vatanen 0 0 0 -1 0 3 1 2 0 0 0/0 20:06 2:53 0:00
Stephane Veilleux 0 0 0 0 0 4 2 0 1 0 0/2 22:04 2:16 0:00
Tyler Shattock 1 0 1 1 0 2 0 0 0 0 0/0 9:47 0:30 0:00
Victor Rask 0 0 0 0 0 0 0 0 0 0 0/0 2:34 0:58 0:00
Vladimir Sobotka 0 1 1 -1 0 2 0 0 0 0 7/12 20:03 3:12 0:26
Vladimir Zharkov 0 0 0 0 0 3 3 1 0 0 1/1 22:04 2:16 0:00
Zach Redmond 0 1 1 2 0 0 0 0 0 0 0/0 13:33 0:00 0:00
3 Stars
1 - Justin Falk (Pro)
2 - Kevin Poulin (Pro)
3 - Radek Smolenak (Pro)
Power Play
Punishers - 0 on 1 Attempt(s) - 0.00%
Inferno - 0 on 4 Attempt(s) - 0.00%
Penalty Kill
Punishers - 4 on 4 Attempt(s) - 100.00%
- Score 0 goal in Penalty Kill
Inferno - 1 on 1 Attempt(s) - 100.00%
- Score 0 goal in Penalty Kill
Team Stat
Punishers - Hits : 33 - Faceoff Wins : 21 - Blocked Shots : 10 - Penalty Minutes : 8
Inferno - Hits : 24 - Faceoff Wins : 30 - Blocked Shots : 11 - Penalty Minutes : 2
Official
Referees : Furlatt Eric and StPierre Justin
Linesman : Michel Cormier and Pierre Racicot
Game Notes
No Game Note
Finance
Level 1 -- Attendance: 1356 (67.80%) -- Ticket Income $47,460
Level 2 -- Attendance: 710 (71.00%) -- Ticket Income $10,650
Total Attendance: 2066 (68.87%)
Total Ticket Income: $58,110
Other Income: $2,906
Total Income: $61,016
Punishers
5 vs 5 Forward
Center Left Wing Right Wing Time % Phy DF OF
1 Petteri Nokelainen Ryan Malone Mike Blunden 40 1 2 2
2 Luke Adam Tanner Glass Miikka Salomaki 30 1 2 2
3 Brandon McMillan Frazer Mclaren Ryan Malone 20 1 2 2
4 Boone Jenner Radek Smolenak Tanner Glass 10 1 2 2
5 vs 5 Defense
Defense Defense Time % Phy DF OF
1 Justin Falk Adam McQuaid 40 1 2 2
2 Mike Sauer Alex Petrovic 30 1 2 2
3 Matt Mackenzie Justin Falk 20 1 2 2
4 Adam McQuaid Mike Sauer 10 1 2 2
PowerPlay Forward
Center Left Wing Right Wing Time % Phy DF OF
1 Petteri Nokelainen Ryan Malone Mike Blunden 60 1 2 2
2 Luke Adam Tanner Glass Miikka Salomaki 40 1 2 2
PowerPlay Defense
Defense Defense Time % Phy DF OF
1 Justin Falk Adam McQuaid 60 1 2 2
2 Mike Sauer Alex Petrovic 40 1 2 2
Penalty Kill 4 Players Forward
Center Wing Time % Phy DF OF
1 Ryan Malone Tanner Glass 60 1 2 2
2 Petteri Nokelainen Frazer Mclaren 40 1 2 2
Penalty Kill 4 Players Defense
Defense Defense Time % Phy DF OF
1 Justin Falk Adam McQuaid 60 1 2 2
2 Mike Sauer Alex Petrovic 40 1 2 2
Penalty Kill - 3 Players Forward
Forward Time % Phy DF OF
1 Ryan Malone 60 1 2 2
2 Tanner Glass 40 1 2 2
Penalty Kill - 3 Players Defense
Defense Defense Time % Phy DF OF
1 Justin Falk Adam McQuaid 60 1 2 2
2 Mike Sauer Alex Petrovic 40 1 2 2
4 vs 4 Forward
Center Wing Time % Phy DF OF
1 Ryan Malone Tanner Glass 60 1 2 2
2 Petteri Nokelainen Frazer Mclaren 40 1 2 2
4 vs 4 Defense
Defense Defense Time % Phy DF OF
1 Justin Falk Adam McQuaid 60 1 2 2
2 Mike Sauer Alex Petrovic 40 1 2 2
Last Minutes Offensive
Center Left Wing Right Wing Defense Defense
Petteri Nokelainen Ryan Malone Mike Blunden Justin Falk Adam McQuaid
Last Minutes Defensive
Center Left Wing Right Wing Defense Defense
Petteri Nokelainen Ryan Malone Mike Blunden Justin Falk Adam McQuaid
Goaltenders
Starting : Kevin Poulin
Backup : Niklas Svedberg
Extra Forwards
Normal : Quinton Howden, Philippe Paradis, Michael Ferland - PP : Quinton Howden, Philippe Paradis - PK : Michael Ferland
Extra Defensemen
Normal : Matt Mackenzie, Alex Petrovic, Justin Falk - PP : Matt Mackenzie - PK : Alex Petrovic, Justin Falk
Penalty Shots
Ryan Malone, Tanner Glass, Petteri Nokelainen, Frazer Mclaren, Luke Adam
Scratches
Casey Cizikas (Right Leg Injury), Simon Despres (Left Hip Injury), Dylan DeMelo (Healthy), Mike Weber (Healthy), Louis Domingue (Healthy)
Inferno
5 vs 5 Forward
Center Left Wing Right Wing Time % Phy DF OF
1 Mikhail Grabovski Stephane Veilleux Vladimir Zharkov 40 1 2 2
2 Vladimir Sobotka David Ullstrom Kyle Palmieri 30 1 2 2
3 Cal O'Reilly Matt Kassian Beau Bennett 20 1 2 2
4 Anders Lee Matthew Nieto Tyler Shattock 10 1 2 2
5 vs 5 Defense
Defense Defense Time % Phy DF OF
1 Brendan Mikkelson Colby Robak 40 1 2 2
2 Sami Vatanen Derek Peltier 30 1 2 2
3 Zach Redmond Christian Folin 20 1 2 2
4 Luca Sbisa Frank Corrado 10 1 2 2
PowerPlay Forward
Center Left Wing Right Wing Time % Phy DF OF
1 Mikhail Grabovski Stephane Veilleux Vladimir Zharkov 60 1 2 2
2 Vladimir Sobotka David Ullstrom Kyle Palmieri 40 1 2 2
PowerPlay Defense
Defense Defense Time % Phy DF OF
1 Brendan Mikkelson Colby Robak 60 1 2 2
2 Sami Vatanen Derek Peltier 40 1 2 2
Penalty Kill 4 Players Forward
Center Wing Time % Phy DF OF
1 Mikhail Grabovski Vladimir Sobotka 60 1 2 2
2 Stephane Veilleux Vladimir Zharkov 40 1 2 2
Penalty Kill 4 Players Defense
Defense Defense Time % Phy DF OF
1 Brendan Mikkelson Colby Robak 60 1 2 2
2 Sami Vatanen Derek Peltier 40 1 2 2
Penalty Kill - 3 Players Forward
Forward Time % Phy DF OF
1 Mikhail Grabovski 60 1 2 2
2 Vladimir Sobotka 40 1 2 2
Penalty Kill - 3 Players Defense
Defense Defense Time % Phy DF OF
1 Brendan Mikkelson Colby Robak 60 1 2 2
2 Sami Vatanen Derek Peltier 40 1 2 2
4 vs 4 Forward
Center Wing Time % Phy DF OF
1 Mikhail Grabovski Vladimir Sobotka 60 1 2 2
2 Stephane Veilleux Vladimir Zharkov 40 1 2 2
4 vs 4 Defense
Defense Defense Time % Phy DF OF
1 Brendan Mikkelson Colby Robak 60 1 2 2
2 Sami Vatanen Derek Peltier 40 1 2 2
Last Minutes Offensive
Center Left Wing Right Wing Defense Defense
Mikhail Grabovski Stephane Veilleux Vladimir Zharkov Brendan Mikkelson Colby Robak
Last Minutes Defensive
Center Left Wing Right Wing Defense Defense
Mikhail Grabovski Stephane Veilleux Vladimir Zharkov Brendan Mikkelson Colby Robak
Goaltenders
Starting : Josh Harding
Backup : Michael Hutchinson
Extra Forwards
Normal : Victor Rask, Chris Brown, Ryan Spooner - PP : Victor Rask, Chris Brown - PK : Ryan Spooner
Extra Defensemen
Normal : Zach Redmond, Christian Folin, Luca Sbisa - PP : Zach Redmond - PK : Christian Folin, Luca Sbisa
Penalty Shots
Mikhail Grabovski, Vladimir Sobotka, Stephane Veilleux, Vladimir Zharkov, Cal O'Reilly
Scratches
David Savard (Torso Injury), Simon Danis-Pepin (Torn Left Knee Ligaments Injury), Mathieu Brodeur (Broken Left Thumb Injury), Christopher Gibson (Healthy), Nathan Lieuwen (Healthy)
% Time on Ice - Punishers
Lines # - Real PCT - Wanted PCT - Time Play
Normal Forward
1 - 38% - 40% - 19:32
2 - 31% - 30% - 16:03
3 - 17% - 20% - 8:43
4 - 14% - 10% - 7:20
Normal Defense
1 - 34% - 40% - 17:28
2 - 32% - 30% - 16:18
3 - 24% - 20% - 12:13
4 - 11% - 10% - 5:39
PP Forward
1 - 100% - 60% - 0:26
2 - 0% - 40% - 0:00
PP Defense
1 - 0% - 60% - 0:00
2 - 100% - 40% - 0:26
PK Forward
1 - 73% - 60% - 4:38
2 - 27% - 40% - 1:45
PK Defense
1 - 55% - 60% - 3:31
2 - 45% - 40% - 2:52
PK3 Forward
1 - 0% - 60%
2 - 0% - 40%
PK3 Defense
1 - 0% - 60%
2 - 0% - 40%
44 Forward
1 - 74% - 60% - 4:52
2 - 26% - 40% - 1:41
44 Defense
1 - 52% - 60% - 3:26
2 - 48% - 40% - 3:07
Last Minute Offensive - 0:00
Last Minute Defensive - 0:00
Total
Forward - 65:00
Defense - 65:00
|
% Time on Ice - Inferno
Lines # - Real PCT - Wanted PCT - Time Play
Normal Forward
1 - 36% - 40% - 18:45
2 - 25% - 30% - 12:51
3 - 21% - 20% - 10:57
4 - 18% - 10% - 9:05
Normal Defense
1 - 35% - 40% - 18:10
2 - 29% - 30% - 15:05
3 - 23% - 20% - 11:50
4 - 13% - 10% - 6:33
PP Forward
1 - 53% - 60% - 3:24
2 - 47% - 40% - 2:59
PP Defense
1 - 55% - 60% - 3:30
2 - 45% - 40% - 2:53
PK Forward
1 - 100% - 60% - 0:26
2 - 0% - 40% - 0:00
PK Defense
1 - 100% - 60% - 0:26
2 - 0% - 40% - 0:00
PK3 Forward
1 - 0% - 60%
2 - 0% - 40%
PK3 Defense
1 - 0% - 60%
2 - 0% - 40%
44 Forward
1 - 67% - 60% - 4:25
2 - 33% - 40% - 2:08
44 Defense
1 - 67% - 60% - 4:25
2 - 33% - 40% - 2:08
Last Minute Offensive - 0:00
Last Minute Defensive - 0:00
Total
Forward - 65:00
Defense - 65:00
|
Play by Play
1st period
0:01 of 1st period - Petteri Nokelainen wins face-off versus Mikhail Grabovski in neutral zone.
0:26 of 1st period - Brendan Mikkelson is hit by Justin Falk.
1:09 of 1st period - Slapshot by Sami Vatanen.
1:09 of 1st period - Stopped by Kevin Poulin without a rebound.
1:10 of 1st period - Miikka Salomaki wins face-off versus Anders Lee in Punishers zone.
1:23 of 1st period - Wrist shot by Anders Lee.
1:23 of 1st period - Stopped by Kevin Poulin with a rebound.
2:09 of 1st period - Off-side.
2:10 of 1st period - Cal O'Reilly wins face-off versus Frazer Mclaren in neutral zone.
2:15 of 1st period - Justin Falk is hit by Matt Kassian and loses puck.
2:20 of 1st period - Snap shot by Cal O'Reilly.
2:20 of 1st period - Stopped by Kevin Poulin with a rebound.
2:22 of 1st period - Wrist shot by Beau Bennett.
2:22 of 1st period - Shot Blocked by Justin Falk.
2:24 of 1st period - Slapshot by Luca Sbisa.
2:24 of 1st period - Stopped by Kevin Poulin with a rebound.
2:26 of 1st period - Snap shot by Beau Bennett.
2:26 of 1st period - Stopped by Kevin Poulin with a rebound.
2:36 of 1st period - Wrist shot by Mikhail Grabovski.
2:36 of 1st period - Shot Blocked by Luke Adam.
2:38 of 1st period - Snap shot by Brendan Mikkelson.
2:38 of 1st period - Stopped by Kevin Poulin with a rebound.
2:42 of 1st period - Snap shot by Stephane Veilleux.
2:42 of 1st period - Stopped by Kevin Poulin with a rebound.
2:44 of 1st period - Slapshot by Brendan Mikkelson.
2:44 of 1st period - Stopped by Kevin Poulin with a rebound.
3:29 of 1st period - Icing by Colby Robak.
3:30 of 1st period - Brandon McMillan wins face-off versus Anders Lee in Inferno zone.
3:31 of 1st period - Slapshot by Adam McQuaid.
3:31 of 1st period - Shot Blocked by Brendan Mikkelson.
3:33 of 1st period - Snap shot by Luke Adam.
3:33 of 1st period - Deflect By Colby Robak.
3:33 of 1st period - Stopped by Josh Harding with a rebound.
3:35 of 1st period - Slapshot by Justin Falk.
3:35 of 1st period - Deflect By Brendan Mikkelson.
3:35 of 1st period - Stopped by Josh Harding with a rebound.
4:35 of 1st period - Snap shot by Cal O'Reilly.
4:35 of 1st period - Stopped by Kevin Poulin without a rebound.
4:36 of 1st period - Petteri Nokelainen wins face-off versus Mikhail Grabovski in Punishers zone.
4:45 of 1st period - Wrist shot by Mike Blunden.
4:45 of 1st period - Stopped by Josh Harding with a rebound.
5:25 of 1st period - Cal O'Reilly is hit by Quinton Howden and loses puck.
5:34 of 1st period - Backhand shot by Beau Bennett.
5:34 of 1st period - Shot Misses the Net.
6:07 of 1st period - Icing by Mikhail Grabovski.
6:08 of 1st period - Mikhail Grabovski wins face-off versus Boone Jenner in Inferno zone.
6:15 of 1st period - Wrist shot by Stephane Veilleux.
6:15 of 1st period - Stopped by Kevin Poulin with a rebound.
6:29 of 1st period - Ryan Malone is hit by Stephane Veilleux and loses puck.
6:38 of 1st period - Sami Vatanen is hit by Ryan Malone.
7:13 of 1st period - Frazer Mclaren is hit by Frank Corrado and loses puck.
7:31 of 1st period - Off-side.
7:32 of 1st period - Petteri Nokelainen wins face-off versus Vladimir Sobotka in neutral zone.
8:05 of 1st period - Wrist shot by Stephane Veilleux.
8:05 of 1st period - Stopped by Kevin Poulin without a rebound.
8:06 of 1st period - Vladimir Sobotka wins face-off versus Boone Jenner in Punishers zone.
8:15 of 1st period - Kyle Palmieri is hit by Radek Smolenak and loses puck.
8:35 of 1st period - Off-side.
8:36 of 1st period - Luke Adam wins face-off versus Mikhail Grabovski in neutral zone.
9:01 of 1st period - Mike Sauer is hit by Kyle Palmieri and loses puck.
9:39 of 1st period - Colby Robak is hit by Brandon McMillan and loses puck.
10:16 of 1st period - Wrist shot by Mikhail Grabovski.
10:16 of 1st period - Shot Blocked by Alex Petrovic.
11:11 of 1st period - Slapshot by Petteri Nokelainen.
11:11 of 1st period - Stopped by Josh Harding with a rebound.
11:13 of 1st period - Slapshot by Adam McQuaid.
11:13 of 1st period - Deflect By Petteri Nokelainen.
11:13 of 1st period - Shot Misses the Net.
11:13 of 1st period - Puck is out of play.
11:14 of 1st period - Petteri Nokelainen wins face-off versus Vladimir Sobotka in Inferno zone.
11:15 of 1st period - Slapshot by Mike Blunden.
11:15 of 1st period - Shot Blocked by Brendan Mikkelson.
11:17 of 1st period - Slapshot by Petteri Nokelainen.
11:17 of 1st period - Shot Misses the Net.
11:19 of 1st period - Slapshot by Justin Falk.
11:19 of 1st period - Shot Blocked by Colby Robak.
11:21 of 1st period - Snap shot by Quinton Howden.
11:21 of 1st period - Stopped by Josh Harding without a rebound.
11:22 of 1st period - Petteri Nokelainen wins face-off versus Vladimir Sobotka in Inferno zone.
11:51 of 1st period - Wrist shot by Vladimir Zharkov.
11:51 of 1st period - Stopped by Kevin Poulin with a rebound.
11:53 of 1st period - Snap shot by Vladimir Zharkov.
11:53 of 1st period - Stopped by Kevin Poulin with a rebound.
11:55 of 1st period - Wrist shot by Mikhail Grabovski.
11:55 of 1st period - Stopped by Kevin Poulin without a rebound.
11:56 of 1st period - Mikhail Grabovski wins face-off versus Luke Adam in Punishers zone.
12:07 of 1st period - Snap shot by Luke Adam.
12:07 of 1st period - Stopped by Josh Harding without a rebound.
12:08 of 1st period - Mikhail Grabovski wins face-off versus Petteri Nokelainen in Inferno zone.
12:33 of 1st period - Zach Redmond is hit by Adam McQuaid and loses puck.
12:40 of 1st period - Wrist shot by Luke Adam.
12:40 of 1st period - Stopped by Josh Harding with a rebound.
12:42 of 1st period - Wrist shot by Miikka Salomaki.
12:42 of 1st period - Stopped by Josh Harding with a rebound.
12:56 of 1st period - Snap shot by David Ullstrom.
12:56 of 1st period - Goal by David Ullstrom - Punishers : 0 - Inferno : 1.
12:57 of 1st period - Mikhail Grabovski wins face-off versus Petteri Nokelainen in neutral zone.
13:37 of 1st period - Cal O'Reilly is hit by Luke Adam and loses puck.
14:15 of 1st period - Wrist shot by Mikhail Grabovski.
14:15 of 1st period - Stopped by Kevin Poulin without a rebound.
14:16 of 1st period - Petteri Nokelainen wins face-off versus Mikhail Grabovski in Punishers zone.
14:38 of 1st period - Vladimir Sobotka is hit by Justin Falk and loses puck.
15:03 of 1st period - Radek Smolenak is hit by Matt Kassian and loses puck.
15:24 of 1st period - Slapshot by Stephane Veilleux.
15:24 of 1st period - Shot Blocked by Justin Falk.
15:45 of 1st period - Minor Penalty to Alex Petrovic for Roughing.
15:46 of 1st period - Mikhail Grabovski wins face-off versus Ryan Malone in Punishers zone.
17:45 of 1st period - Penalty to Alex Petrovic is over, Alex Petrovic is back on ice.
18:14 of 1st period - Petteri Nokelainen is hit by Anders Lee and loses puck.
18:39 of 1st period - Luca Sbisa is hit by Mike Sauer and loses puck.
19:26 of 1st period - Slapshot by Sami Vatanen.
19:26 of 1st period - Shot Misses the Net.
19:55 of 1st period - Adam McQuaid is hit by Beau Bennett and loses puck.
Goals for this period are 0 for Punishers vs 1 for Inferno.
Shots for this period are 8 for Punishers vs 16 for Inferno.
2nd period
0:01 of 2nd period - Petteri Nokelainen wins face-off versus Mikhail Grabovski in neutral zone.
1:15 of 2nd period - Derek Peltier is hit by Tanner Glass.
1:37 of 2nd period - Stephane Veilleux is hit by Justin Falk and loses puck.
2:03 of 2nd period - Quinton Howden is hit by Vladimir Zharkov and loses puck.
2:16 of 2nd period - Quinton Howden is hit by Vladimir Zharkov and loses puck.
2:34 of 2nd period - Stephane Veilleux is hit by Mike Blunden.
2:48 of 2nd period - Snap shot by Adam McQuaid.
2:48 of 2nd period - Stopped by Josh Harding with a rebound.
2:58 of 2nd period - Snap shot by Mike Blunden.
2:58 of 2nd period - Shot Misses the Net.
3:08 of 2nd period - Wrist shot by Mikhail Grabovski.
3:08 of 2nd period - Stopped by Kevin Poulin with a rebound.
3:19 of 2nd period - Icing by Mike Sauer.
3:20 of 2nd period - Vladimir Sobotka wins face-off versus Petteri Nokelainen in Punishers zone.
3:43 of 2nd period - Minor Penalty to Mike Blunden for Slashing.
3:44 of 2nd period - Vladimir Sobotka wins face-off versus Ryan Malone in Punishers zone.
3:55 of 2nd period - Snap shot by Vladimir Sobotka.
3:55 of 2nd period - Shot Misses the Net.
5:43 of 2nd period - Penalty to Mike Blunden is over, Mike Blunden is back on ice.
6:20 of 2nd period - Backhand shot by Mike Blunden.
6:20 of 2nd period - Shot Blocked by Luca Sbisa.
6:22 of 2nd period - Slapshot by Matt Mackenzie.
6:22 of 2nd period - Deflect By Tyler Shattock.
6:22 of 2nd period - Stopped by Josh Harding without a rebound.
6:23 of 2nd period - Anders Lee wins face-off versus Miikka Salomaki in Inferno zone.
6:37 of 2nd period - Off-side.
6:38 of 2nd period - Kyle Palmieri wins face-off versus Brandon McMillan in neutral zone.
6:46 of 2nd period - Off-side.
6:47 of 2nd period - Mikhail Grabovski wins face-off versus Brandon McMillan in neutral zone.
6:56 of 2nd period - Snap shot by Mikhail Grabovski.
6:56 of 2nd period - Stopped by Kevin Poulin with a rebound.
7:14 of 2nd period - Snap shot by Luke Adam.
7:14 of 2nd period - Goal by Luke Adam - Punishers : 1 - Inferno : 1.
7:15 of 2nd period - Vladimir Sobotka wins face-off versus Luke Adam in neutral zone.
7:22 of 2nd period - Wrist shot by Vladimir Sobotka.
7:22 of 2nd period - Stopped by Kevin Poulin without a rebound.
7:23 of 2nd period - Vladimir Sobotka wins face-off versus Luke Adam in Punishers zone.
7:24 of 2nd period - Snap shot by Kyle Palmieri.
7:24 of 2nd period - Shot Blocked by Adam McQuaid.
8:12 of 2nd period - Wrist shot by Matthew Nieto.
8:12 of 2nd period - Shot Misses the Net.
8:36 of 2nd period - Wrist shot by Tanner Glass.
8:36 of 2nd period - Shot Misses the Net.
8:38 of 2nd period - Snap shot by Adam McQuaid.
8:38 of 2nd period - Deflect By Sami Vatanen.
8:38 of 2nd period - Stopped by Josh Harding with a rebound.
8:52 of 2nd period - Snap shot by Luke Adam.
8:52 of 2nd period - Shot Misses the Net.
8:54 of 2nd period - Snap shot by Miikka Salomaki.
8:54 of 2nd period - Stopped by Josh Harding without a rebound.
8:55 of 2nd period - Ryan Malone wins face-off versus Mikhail Grabovski in Inferno zone.
8:56 of 2nd period - Snap shot by Petteri Nokelainen.
8:56 of 2nd period - Shot Misses the Net.
8:58 of 2nd period - Minor Penalty to Colby Robak for Hooking.
8:59 of 2nd period - Mikhail Grabovski wins face-off versus Petteri Nokelainen in Inferno zone.
9:24 of 2nd period - Minor Penalty to Mike Blunden for Slashing.
9:25 of 2nd period - Mikhail Grabovski wins face-off versus Ryan Malone in Punishers zone.
9:50 of 2nd period - Ryan Malone is hit by Brendan Mikkelson and loses puck.
10:05 of 2nd period - Mikhail Grabovski is hit by Justin Falk and loses puck.
10:16 of 2nd period - Frazer Mclaren is hit by Vladimir Zharkov and loses puck.
10:58 of 2nd period - Penalty to Colby Robak is over, Colby Robak is back on ice.
11:10 of 2nd period - Snap shot by Mikhail Grabovski.
11:10 of 2nd period - Stopped by Kevin Poulin with a rebound.
11:24 of 2nd period - Penalty to Mike Blunden is over, Mike Blunden is back on ice.
11:26 of 2nd period - Wrist shot by Derek Peltier.
11:26 of 2nd period - Stopped by Kevin Poulin with a rebound.
11:36 of 2nd period - Mikhail Grabovski is hit by Justin Falk and loses puck.
11:41 of 2nd period - Snap shot by Radek Smolenak.
11:41 of 2nd period - Stopped by Josh Harding with a rebound.
11:43 of 2nd period - Slapshot by Justin Falk.
11:43 of 2nd period - Shot Blocked by Colby Robak.
11:45 of 2nd period - Slapshot by Adam McQuaid.
11:45 of 2nd period - Shot Blocked by Sami Vatanen.
11:47 of 2nd period - Backhand shot by Radek Smolenak.
11:47 of 2nd period - Goal by Radek Smolenak - Punishers : 2 - Inferno : 1.
11:48 of 2nd period - Cal O'Reilly wins face-off versus Petteri Nokelainen in neutral zone.
11:51 of 2nd period - Justin Falk is hit by Beau Bennett and loses puck.
12:00 of 2nd period - Wrist shot by Cal O'Reilly.
12:00 of 2nd period - Shot Misses the Net.
12:02 of 2nd period - Slapshot by Luca Sbisa.
12:02 of 2nd period - Shot Misses the Net.
12:04 of 2nd period - Wrist shot by Cal O'Reilly.
12:04 of 2nd period - Stopped by Kevin Poulin with a rebound.
12:06 of 2nd period - Minor Penalty to Matt Mackenzie for Holding.
12:07 of 2nd period - Ryan Malone wins face-off versus Mikhail Grabovski in Punishers zone.
12:07 of 2nd period - Ryan Malone is hit by Mikhail Grabovski.
12:31 of 2nd period - Adam McQuaid is hit by David Ullstrom.
13:47 of 2nd period - Derek Peltier is hit by Petteri Nokelainen and loses puck.
14:06 of 2nd period - Penalty to Matt Mackenzie is over, Matt Mackenzie is back on ice.
14:33 of 2nd period - Tyler Shattock is hit by Miikka Salomaki.
15:06 of 2nd period - Backhand shot by Brandon McMillan.
15:06 of 2nd period - Shot Misses the Net.
15:22 of 2nd period - Snap shot by Anders Lee.
15:22 of 2nd period - Stopped by Kevin Poulin with a rebound.
15:59 of 2nd period - Boone Jenner is hit by Colby Robak and loses puck.
16:12 of 2nd period - Beau Bennett is hit by Ryan Malone and loses puck.
16:23 of 2nd period - Slapshot by Sami Vatanen.
16:23 of 2nd period - Deflect By David Ullstrom.
16:23 of 2nd period - Shot Misses the Net.
16:23 of 2nd period - Puck is out of play.
16:24 of 2nd period - Vladimir Sobotka wins face-off versus Petteri Nokelainen in Punishers zone.
16:31 of 2nd period - David Ullstrom is hit by Philippe Paradis and loses puck.
17:30 of 2nd period - Snap shot by Matthew Nieto.
17:30 of 2nd period - Deflect By Tyler Shattock.
17:30 of 2nd period - Shot Misses the Net.
17:30 of 2nd period - Puck is out of play.
17:31 of 2nd period - Mikhail Grabovski wins face-off versus Boone Jenner in Punishers zone.
17:56 of 2nd period - Stephane Veilleux is hit by Petteri Nokelainen and loses puck.
18:09 of 2nd period - Brendan Mikkelson is hit by Frazer Mclaren.
18:13 of 2nd period - Vladimir Zharkov is hit by Brandon McMillan and loses puck.
18:29 of 2nd period - Sami Vatanen is hit by Tanner Glass and loses puck.
18:48 of 2nd period - Alex Petrovic is hit by Beau Bennett.
18:59 of 2nd period - Off-side.
19:00 of 2nd period - Matthew Nieto wins face-off versus Boone Jenner in neutral zone.
19:14 of 2nd period - Slapshot by Sami Vatanen.
19:14 of 2nd period - Shot Blocked by Justin Falk.
19:16 of 2nd period - Slapshot by Tyler Shattock.
19:16 of 2nd period - Stopped by Kevin Poulin without a rebound.
19:17 of 2nd period - Petteri Nokelainen wins face-off versus Stephane Veilleux in Punishers zone.
19:26 of 2nd period - Wrist shot by Mike Blunden.
19:26 of 2nd period - Shot Blocked by Colby Robak.
19:28 of 2nd period - Snap shot by Petteri Nokelainen.
19:28 of 2nd period - Stopped by Josh Harding without a rebound.
19:29 of 2nd period - Luke Adam wins face-off versus Mikhail Grabovski in Inferno zone.
19:40 of 2nd period - Snap shot by Mikhail Grabovski.
19:40 of 2nd period - Stopped by Kevin Poulin with a rebound.
19:42 of 2nd period - Slapshot by Colby Robak.
19:42 of 2nd period - Shot Blocked by Tanner Glass.
19:44 of 2nd period - Wrist shot by Stephane Veilleux.
19:44 of 2nd period - Stopped by Kevin Poulin with a rebound.
19:54 of 2nd period - Petteri Nokelainen is hit by David Ullstrom and loses puck.
Goals for this period are 2 for Punishers vs 0 for Inferno.
Shots for this period are 8 for Punishers vs 10 for Inferno.
3rd period
0:01 of 3rd period - Vladimir Zharkov wins face-off versus Petteri Nokelainen in neutral zone.
0:50 of 3rd period - Wrist shot by Tanner Glass.
0:50 of 3rd period - Stopped by Josh Harding without a rebound.
0:51 of 3rd period - Cal O'Reilly wins face-off versus Luke Adam in Inferno zone.
1:16 of 3rd period - Wrist shot by Ryan Malone.
1:16 of 3rd period - Deflect By Petteri Nokelainen.
1:16 of 3rd period - Shot Blocked by Sami Vatanen.
1:16 of 3rd period - Puck is out of play.
1:17 of 3rd period - Petteri Nokelainen wins face-off versus Mikhail Grabovski in Inferno zone.
1:34 of 3rd period - Justin Falk is hit by Christian Folin and loses puck.
1:41 of 3rd period - Mikhail Grabovski is hit by Adam McQuaid and loses puck.
2:02 of 3rd period - Backhand shot by Vladimir Zharkov.
2:02 of 3rd period - Stopped by Kevin Poulin with a rebound.
2:10 of 3rd period - Mikhail Grabovski is hit by Mike Sauer and loses puck.
2:27 of 3rd period - Wrist shot by Ryan Malone.
2:27 of 3rd period - Stopped by Josh Harding without a rebound.
2:28 of 3rd period - Vladimir Sobotka wins face-off versus Luke Adam in Inferno zone.
2:57 of 3rd period - Snap shot by Tanner Glass.
2:57 of 3rd period - Stopped by Josh Harding without a rebound.
2:58 of 3rd period - Cal O'Reilly wins face-off versus Boone Jenner in Inferno zone.
3:02 of 3rd period - Sami Vatanen is hit by Alex Petrovic.
3:25 of 3rd period - Snap shot by Mike Sauer.
3:25 of 3rd period - Deflect By Tanner Glass.
3:25 of 3rd period - Stopped by Josh Harding without a rebound.
3:26 of 3rd period - Brandon McMillan wins face-off versus Anders Lee in Inferno zone.
4:00 of 3rd period - Snap shot by Vladimir Sobotka.
4:00 of 3rd period - Shot Blocked by Adam McQuaid.
4:14 of 3rd period - Snap shot by Mike Blunden.
4:14 of 3rd period - Stopped by Josh Harding with a rebound.
4:32 of 3rd period - Snap shot by Beau Bennett.
4:32 of 3rd period - Shot Misses the Net.
4:34 of 3rd period - Slapshot by Cal O'Reilly.
4:34 of 3rd period - Shot Misses the Net.
5:00 of 3rd period - Wrist shot by Kyle Palmieri.
5:00 of 3rd period - Stopped by Kevin Poulin with a rebound.
5:06 of 3rd period - Kyle Palmieri is hit by Mike Blunden and loses puck.
5:49 of 3rd period - Slapshot by Beau Bennett.
5:49 of 3rd period - Stopped by Kevin Poulin with a rebound.
6:19 of 3rd period - Luca Sbisa is hit by Miikka Salomaki and loses puck.
7:01 of 3rd period - Derek Peltier is hit by Petteri Nokelainen and loses puck.
7:51 of 3rd period - Wrist shot by Tyler Shattock.
7:51 of 3rd period - Goal by Tyler Shattock - Punishers : 2 - Inferno : 2.
7:52 of 3rd period - Petteri Nokelainen wins face-off versus Mikhail Grabovski in neutral zone.
8:59 of 3rd period - Off-side.
9:00 of 3rd period - Anders Lee wins face-off versus Boone Jenner in neutral zone.
9:40 of 3rd period - Slapshot by Mike Sauer.
9:40 of 3rd period - Stopped by Josh Harding with a rebound.
9:50 of 3rd period - Zach Redmond is hit by Ryan Malone.
10:20 of 3rd period - Wrist shot by Vladimir Sobotka.
10:20 of 3rd period - Stopped by Kevin Poulin without a rebound.
10:21 of 3rd period - Luke Adam wins face-off versus Vladimir Sobotka in Punishers zone.
10:21 of 3rd period - Luke Adam is hit by David Ullstrom.
11:01 of 3rd period - Slapshot by Adam McQuaid.
11:01 of 3rd period - Stopped by Josh Harding with a rebound.
11:03 of 3rd period - Snap shot by Quinton Howden.
11:03 of 3rd period - Shot Misses the Net.
11:05 of 3rd period - Slapshot by Quinton Howden.
11:05 of 3rd period - Shot Misses the Net.
11:46 of 3rd period - Off-side.
11:47 of 3rd period - Luke Adam wins face-off versus Vladimir Sobotka in neutral zone.
11:52 of 3rd period - Wrist shot by Luke Adam.
11:52 of 3rd period - Shot Blocked by Derek Peltier.
14:15 of 3rd period - Icing by Beau Bennett.
14:16 of 3rd period - Anders Lee wins face-off versus Luke Adam in Inferno zone.
14:37 of 3rd period - Wrist shot by Tyler Shattock.
14:37 of 3rd period - Shot Misses the Net.
14:39 of 3rd period - Slapshot by Frank Corrado.
14:39 of 3rd period - Deflect By Stephane Veilleux.
14:39 of 3rd period - Shot Misses the Net.
14:39 of 3rd period - Puck is out of play.
14:40 of 3rd period - Mikhail Grabovski wins face-off versus Petteri Nokelainen in Punishers zone.
15:11 of 3rd period - Slapshot by Adam McQuaid.
15:11 of 3rd period - Shot Misses the Net.
15:41 of 3rd period - Slapshot by Sami Vatanen.
15:41 of 3rd period - Deflect By Miikka Salomaki.
15:41 of 3rd period - Stopped by Kevin Poulin with a rebound.
15:43 of 3rd period - Slapshot by Sami Vatanen.
15:43 of 3rd period - Shot Blocked by Miikka Salomaki.
15:53 of 3rd period - Slapshot by Alex Petrovic.
15:53 of 3rd period - Deflect By Colby Robak.
15:53 of 3rd period - Stopped by Josh Harding with a rebound.
16:15 of 3rd period - Snap shot by Stephane Veilleux.
16:15 of 3rd period - Shot Misses the Net.
16:25 of 3rd period - Kyle Palmieri is hit by Matt Mackenzie and loses puck.
16:33 of 3rd period - Icing by David Ullstrom.
16:34 of 3rd period - Kyle Palmieri wins face-off versus Luke Adam in Inferno zone.
16:45 of 3rd period - Zach Redmond is hit by Ryan Malone and loses puck.
17:08 of 3rd period - Wrist shot by Mikhail Grabovski.
17:08 of 3rd period - Shot Misses the Net.
19:53 of 3rd period - Justin Falk is hit by Stephane Veilleux and loses puck.
Goals for this period are 0 for Punishers vs 1 for Inferno.
Shots for this period are 8 for Punishers vs 6 for Inferno.
Overtime #1
0:01 of 1st overtime period - Ryan Malone wins face-off versus Mikhail Grabovski in neutral zone.
0:40 of 1st overtime period - Snap shot by Petteri Nokelainen.
0:40 of 1st overtime period - Stopped by Josh Harding with a rebound.
0:42 of 1st overtime period - Slapshot by Mike Sauer.
0:42 of 1st overtime period - Shot Blocked by Vladimir Zharkov.
0:44 of 1st overtime period - Slapshot by Alex Petrovic.
0:44 of 1st overtime period - Stopped by Josh Harding with a rebound.
0:46 of 1st overtime period - Slapshot by Alex Petrovic.
0:46 of 1st overtime period - Stopped by Josh Harding with a rebound.
0:48 of 1st overtime period - Snap shot by Frazer Mclaren.
0:48 of 1st overtime period - Stopped by Josh Harding with a rebound.
0:50 of 1st overtime period - Slapshot by Alex Petrovic.
0:50 of 1st overtime period - Stopped by Josh Harding with a rebound.
0:53 of 1st overtime period - Icing by Brendan Mikkelson.
0:54 of 1st overtime period - Ryan Malone wins face-off versus Stephane Veilleux in Inferno zone.
1:09 of 1st overtime period - Ryan Malone is hit by Brendan Mikkelson.
1:29 of 1st overtime period - Slapshot by Adam McQuaid.
1:29 of 1st overtime period - Shot Misses the Net.
1:31 of 1st overtime period - Snap shot by Adam McQuaid.
1:31 of 1st overtime period - Shot Blocked by Mikhail Grabovski.
1:33 of 1st overtime period - Slapshot by Justin Falk.
1:33 of 1st overtime period - Deflect By Petteri Nokelainen.
1:33 of 1st overtime period - Stopped by Josh Harding with a rebound.
1:51 of 1st overtime period - Mike Sauer is hit by Sami Vatanen.
1:57 of 1st overtime period - Snap shot by Stephane Veilleux.
1:57 of 1st overtime period - Shot Blocked by Alex Petrovic.
1:59 of 1st overtime period - Slapshot by Vladimir Zharkov.
1:59 of 1st overtime period - Shot Misses the Net.
2:01 of 1st overtime period - Wrist shot by Sami Vatanen.
2:01 of 1st overtime period - Stopped by Kevin Poulin without a rebound.
2:02 of 1st overtime period - Mikhail Grabovski wins face-off versus Ryan Malone in Punishers zone.
2:46 of 1st overtime period - Snap shot by Brendan Mikkelson.
2:46 of 1st overtime period - Stopped by Kevin Poulin with a rebound.
2:48 of 1st overtime period - Slapshot by Brendan Mikkelson.
2:48 of 1st overtime period - Shot Misses the Net.
3:18 of 1st overtime period - Ryan Spooner is hit by Frazer Mclaren and loses puck.
3:43 of 1st overtime period - Vladimir Zharkov is hit by Quinton Howden and loses puck.
3:52 of 1st overtime period - Quinton Howden is hit by Colby Robak and loses puck.
4:06 of 1st overtime period - Icing by Vladimir Sobotka.
4:07 of 1st overtime period - Mikhail Grabovski wins face-off versus Ryan Malone in Inferno zone.
4:24 of 1st overtime period - Tanner Glass is hit by Derek Peltier and loses puck.
Goals for this period are 0 for Punishers vs 0 for Inferno.
Shots for this period are 6 for Punishers vs 2 for Inferno.
ShootOut
5:00 of 1st overtime period - Penalty Shot by Ryan Malone for Punishers.
5:00 of 1st overtime period - Deke by Ryan Malone.
5:00 of 1st overtime period - Stopped by Josh Harding.
5:00 of 1st overtime period - Penalty Shot by Mikhail Grabovski for Inferno.
5:00 of 1st overtime period - Backhand shot by Mikhail Grabovski.
5:00 of 1st overtime period - Goal by Mikhail Grabovski.
5:00 of 1st overtime period - Penalty Shot by Tanner Glass for Punishers.
5:00 of 1st overtime period - Snap shot by Tanner Glass.
5:00 of 1st overtime period - Goal by Tanner Glass.
5:00 of 1st overtime period - Penalty Shot by Vladimir Sobotka for Inferno.
5:00 of 1st overtime period - Snap shot by Vladimir Sobotka.
5:00 of 1st overtime period - Shot Misses the Net.
5:00 of 1st overtime period - Penalty Shot by Petteri Nokelainen for Punishers.
5:00 of 1st overtime period - Wrist shot by Petteri Nokelainen.
5:00 of 1st overtime period - Goal by Petteri Nokelainen.
5:00 of 1st overtime period - Penalty Shot by Stephane Veilleux for Inferno.
5:00 of 1st overtime period - Deke by Stephane Veilleux.
5:00 of 1st overtime period - Stopped by Kevin Poulin.
Back to the Top